 Seeded DCSS version 0.30-a0-377-g5cb311bc9f (webtiles) character file.

Game seed: 2001942706164665557 (custom seed)

402 purpskrrrp the Covert (level 6, -1/37 HPs)
             Began as a Vampire Brigand on Nov 28, 2022.
             Slain by an orc
             ... wielding a +0 falchion
              (7 damage)
             ... on level 4 of the Dungeon.
             The game lasted 00:05:59 (3119 turns).

purpskrrrp the Covert (Vampire Brigand)             Turns: 3119, Time: 00:06:00

Health: -1/37      AC:  0    Str:  6 (10) XL:     6   Next: 55%
Magic:  4/6        EV: 21    Int:  9 (13) God:
Gold:   185        SH:  0    Dex: 19 (23) Spells: 5/5 levels left

rFire   . . .      SeeInvis +    (weapon currently unavailable)
rCold   + + .      Faith    .    (shield currently unavailable)
rNeg    + + +      Spirit   .    (body armour currently unavailable)
rPois   ∞          Reflect  .    (helmet currently unavailable)
rElec   .          Harm     .    (cloak currently unavailable)
rCorr   .          Rampage  .    (gloves currently unavailable)
Will    .....                    (boots currently unavailable)
Stlth   ++++++....               (no amulet)
HPRegen 0.00/turn                (ring currently unavailable)
MPRegen 0.10/turn                (ring currently unavailable)

@: bat-form, flying, bloodless, inhibited regen, very quick
A: fast, flying, no casting, tiny, bloodless, fangs 3, see invisible, vampiric 2
a: Revivify, End Transformation


You were on level 4 of the Dungeon.
You were a vampire bat.
You visited 1 branch of the dungeon, and saw 4 of its levels.

You collected 185 gold pieces.

Inventory:

Hand Weapons
 a - a +3 dagger (melded)
 m - a +4 quarterstaff of chaos
Missiles
 d - 15 poisoned darts
 e - 3 curare-tipped darts
Armour
 b - a +0 robe
 c - a +0 cloak
 l - a +1 cloak (melded)
 n - a +1 robe of cold resistance (melded)
Jewellery
 g - a ring of wizardry (melded)
 u - a +4 ring of evasion (melded)
Wands
 i - a wand of acid (8)
Scrolls
 h - 3 scrolls of teleportation
Potions
 f - a potion of magic {unknown}
 j - 2 potions of curing
 k - 2 potions of lignification {unknown}
 o - 2 potions of mutation {unknown}
 p - a potion of haste {unknown}
 q - a potion of degeneration {unknown}
 r - a potion of cancellation {unknown}
 t - a potion of invisibility {unknown}
 v - a potion of heal wounds {unknown}


   Skills:
 + Level 3.2 Fighting
 + Level 3.8 Short Blades
 - Level 1.5 Throwing
 + Level 3.3 Dodging
 * Level 9.0 Stealth


You had 5 spell levels left.
You didn't know any spells.
Your spell library contained the following spells:

 Spells                   Type           Power      Damage    Failure   Level
 Gell's Gravitas          Tloc           0%         N/A       77%         3
 Lesser Beckoning         Tloc           0%         N/A       77%         3
 Teleport Other           Tloc           0%         N/A       77%         3


Dungeon Overview and Level Annotations

Branches:
Dungeon (4/15)
 Temple: D:4-7

Altars:
Makhleb
Nemelex Xobeh
Ru
Trog
Vehumet

Annotations:
D:4 Duvessa


Innate Abilities, Weirdness & Mutations

You are a vampire bat.
You are tiny and dextrous.
You move quickly.
You are flying.
You are immune to poison.
Your equipment is almost entirely melded.
You are incapable of wielding weapons or throwing items.
You cannot cast spells.
You do not regenerate when monsters are visible.
You are frail without blood (-20% HP).
You can heal yourself when you bite living creatures.
You are immune to poison.
You have razor-sharp teeth.
You have supernaturally acute eyesight. (SInv)
You are afflicted with vampirism and can become a bat while bloodless.


Message History

You are too injured to fight recklessly!
You are too injured to fight recklessly!
You are too injured to fight recklessly!
You are too injured to fight recklessly!
You are too injured to fight recklessly!
You are too injured to fight recklessly!
You are too injured to fight recklessly!
You are too injured to fight recklessly!
You are too injured to fight recklessly!
You are too injured to fight recklessly!
You are too injured to fight recklessly!
You are too injured to fight recklessly!
You are too injured to fight recklessly!
You are too injured to fight recklessly!
You are too injured to fight recklessly!
You are too injured to fight recklessly!
You are too injured to fight recklessly!
You are too injured to fight recklessly!
You are too injured to fight recklessly!
You barely miss the orc wizard. You bite the orc wizard.
You draw the orc wizard's blood!
You feel better.
The orc wizard is moderately wounded.
The orc hits you with a +0 falchion!
The orc wizard hits you but does no damage.
You closely miss the orc wizard. Your bite misses the orc wizard.
The orc wizard is moderately wounded.
The orc hits you with a +0 falchion.
* * * LOW HITPOINT WARNING * * *
The orc wizard attacks as you move away!
The orc wizard hits you but does no damage.
The orc attacks as you move away! The orc misses you.
You turn into a vampire bat.
Your +3 dagger melds into your body.
Your +1 cloak melds into your body.
Your +1 robe of cold resistance melds into your body.
Your ring of wizardry melds into your body.
Your +4 ring of evasion melds into your body.
You feel less resistant to cold.
You feel weakened.
You feel dopey.
You feel clumsy. The orc hits you with a +0 falchion!
You die...

##......####
#.#####....####
..........##
### #######...#
##.# ##..#
##.## ##.#
##.## #.# ##.##
#.## ##.##
##..# ##b##
###...####o##
####......o.oo#
...........oo##
####........##
####.....#
#.....# ###
##..>.#
...#####.....#


You could see an orc priest, 2 orc wizards and 2 orcs.

Vanquished Creatures
  Sigmund (D:2)
  An orc priest (D:4)
  Crazy Yiuf (D:2)
  Terence (D:2)
  2 orc wizards (D:4)
  4 adders
  2 worms (D:3)
  9 orcs
  7 endoplasms
  2 giant cockroaches (D:1)
  4 goblins
  5 hobgoblins
  2 jackals (D:2)
  5 kobolds
  3 quokkas
  4 ball pythons
  7 bats
  A frilled lizard (D:1)
  6 rats
67 creatures vanquished.

Notes
Turn   | Place    | Note
-------+----------+-------------------------------------------
     0 | D:1      | purpskrrrp the Vampire Brigand began the quest for the Orb.
     0 | D:1      | Reached XP level 1. HP: 16/16 MP: 1/1
    68 | D:1      | Reached skill level 6 in Stealth
   170 | D:1      | Reached XP level 2. HP: 17/17 MP: 2/2
   522 | D:2      | Noticed Sigmund
   525 | D:2      | Killed Sigmund
   526 | D:2      | Reached skill level 7 in Stealth
   526 | D:2      | Gained mutation: You are afflicted with vampirism and can
                  | become a bat while bloodless. [Vampire growth]
   526 | D:2      | Reached XP level 3. HP: 22/22 MP: 3/3
   526 | D:2      | Reached XP level 4. HP: 27/27 MP: 4/4
   526 | D:2      | Reached XP level 5. HP: 31/31 MP: 5/5
   561 | D:2      | Noticed Terence
   569 | D:2      | Killed Terence
   570 | D:2      | Reached skill level 8 in Stealth
  1074 | D:2      | Found a runed translucent door.
  1075 | D:2      | Noticed Crazy Yiuf
  1251 | D:2      | Killed Crazy Yiuf
  1566 | D:3      | Reached XP level 6. HP: 37/37 MP: 6/6
  1928 | D:3      | Found a burning altar of Makhleb.
  1935 | D:3      | Found a radiant altar of Vehumet.
  1937 | D:3      | Found a bloodstained altar of Trog.
  1937 | D:3      | Found a sacrificial altar of Ru.
  1943 | D:3      | Found a sparkling altar of Nemelex Xobeh.
  2680 | D:4      | Reached skill level 9 in Stealth
  2995 | D:4      | Noticed Duvessa
  3119 | D:4      | Slain by an orc

Illustrated notes

Levels and vault maps discovered:
D:1:      moated_graveyard_arrival, layout_rooms
D:2:      layout_basic, uniq_terence, uniq_crazy_yiuf_cottage, uniq_sigmund
D:3:      layout_loops_ring, dreamdust_divine_triumvirate, minitemple
D:4:      layout_layer_cave, uniq_natasha, uniq_menkaure, uniq_duvessa

Skill      XL: |  1  2  3  4  5  6 |
---------------+-------------------+-----
Stealth        | 6 7 8 9 |  9.0
Fighting       | 2 3 |  3.2
Short Blades   | 3 |  3.8
Dodging        | 2 3 |  3.3
Throwing       | |  1.5

Action                   |  1- 3 |  4- 6 || total
-------------------------+-------+-------++-------
Melee: Dagger            |    38 |   114 ||   152
       Bite              |     2 |    10 ||    12
       Punch             |       |     1 ||     1
Throw: Dart              |     4 |       ||     4
 Abil: Exsanguinate      |     1 |       ||     1
       Bat Form          |       |     2 ||     2
       End Transformatio |       |     1 ||     1
  Use: Scroll            |     2 |     3 ||     5
 Stab: Sleeping          |    11 |    21 ||    32
       Distracted        |       |     1 ||     1
Armor: Robe              |     7 |    25 ||    32
Dodge: Dodged            |     7 |    74 ||    81

Table legend: (Time is in decaauts)
 A = Elapsed time spent in this place.
 B = Non-inter-level travel time spent in this place.
 C = Inter-level travel time spent in this place.
 D = Time resting spent in this place.
 E = Time spent auto-exploring this place.
 F = Levels seen in this place.
 G = Mean time per level.
                   A        B        C        D        E       F      G
               +--------+--------+--------+--------+--------+-----+--------+
         Total |   3078 |   2721 |    357 |    406 |   1778 |   4 |  769.5 |
       Dungeon |   3078 |   2721 |    357 |    406 |   1778 |   4 |  769.5 |
               +--------+--------+--------+--------+--------+-----+--------+

Top non-repeatable levels by time:
     D:3: 1094 daAuts
     D:2: 953 daAuts
     D:1: 516 daAuts
     D:4: 514 daAuts
